 Dungeon Crawl Stone Soup version 0.25.1-2-g60ff931df9 (webtiles) character file.

Game seed: 16711863850651654551

89 Errno the Shooter (level 4, -16/40 HPs)
             Began as a Minotaur Hunter on July 26, 2020.
             Demolished by an ogre
             ... wielding a +0 giant club
              (26 damage)
             ... on level 3 of the Dungeon on Oct 27, 2020.
             The game lasted 00:13:10 (2262 turns).

Errno the Shooter (Minotaur Hunter)                 Turns: 2262, Time: 00:13:10

Health: -16/40     AC:  3    Str: 17    XL:     4   Next: 31%
Magic:  3/3        EV: 12    Int:  8    God:
Gold:   163        SH:  0    Dex: 11    Spells: 3/3 levels left

rFire    . . .     SeeInvis .   m - +0 war axe
rCold    . . .     Gourm    .   (no shield)
rNeg     . . .     Faith    .   c - +0 leather armour
rPois    .         Spirit   .   (helmet restricted)
rElec    .         Reflect  .   (no cloak)
rCorr    .         Harm     .   (no gloves)
MR       .....                  (no boots)
Stlth    +.........             (no amulet)
HPRegen  0.13/turn              (no ring)
MPRegen  0.08/turn              (no ring)

@: no status effects
A: retaliatory headbutt, horns 2
a: no special abilities


You were on level 3 of the Dungeon.
You were not hungry.

You visited 1 branch of the dungeon, and saw 3 of its levels.

You collected 163 gold pieces.

Inventory:

Hand Weapons
 a - a +1 shortbow
 m - a +0 war axe (weapon)
Missiles
 d - 75 arrows
Armour
 c - a +0 leather armour (worn)
Scrolls
 e - 4 scrolls of identify
 g - a scroll of teleportation
 j - 3 scrolls of remove curse
Potions
 b - a potion of heal wounds
 h - a potion of might {unknown}
 k - a potion of stabbing {unknown}
Comestibles
 f - 6 rations
 i - 3 chunks of flesh


   Skills:
 * Level 3.7 Fighting
 + Level 1.4 Axes
 + Level 5.2 Bows
 + Level 1.7 Armour
 - Level 2.1 Dodging
 - Level 0.7 Stealth


You had 3 spell levels left.
You didn't know any spells.
Your spell library contained the following spells:

 Spells                   Type           Power        Failure   Level  Hunger
 Confusing Touch          Hex            #.......     83%         3    ####...
 Gell's Gravitas          Tloc           #.........   83%         3    ####...
 Petrify                  Tmut/Erth      #.......     99%         4    #####..
 Metabolic Englaciation   Hex/Ice        #.........   100%        5    ######.
 Yara's Violent Unravell  Hex/Tmut       #.........   100%        5    ######.


Dungeon Overview and Level Annotations

Branches:
Dungeon (3/15)

Altars:

Annotations:
D:3 Ijyb


Innate Abilities, Weirdness & Mutations

You reflexively headbutt those who attack you in melee.
You have a pair of horns on your head.


Message History

The ogre shouts!
The dart slug launches a dart at you. The slug dart hits you.
The goblin closely misses you.
You barely miss the goblin. Your headbutt misses the goblin.
The goblin completely misses you.
You hit the goblin but do no damage. The goblin hits you.
You hit the goblin.
You kill the goblin!
You slash the dart slug! You headbutt the dart slug.
You kill the dart slug!
You slash the ogre!
The ogre is moderately wounded.
The ogre hits you with a +0 giant club!!
Ouch! That really hurt!
* * * LOW HITPOINT WARNING * * *
You slash the ogre! You headbutt the ogre!
The ogre is almost dead.
The ogre hits you with a +0 giant club!!
Ouch! That really hurt!
You die...

...#.#......# #......#
...#.#......# #.[....#
...#.#####..# #......#
####.# #..# #......# #.#
#..# #####O.....### #.#
##>. .............
#.########### #.g....?#
#...........####.#.####...
###########..@Og...)....#
#..###.#........ #..#
#.......... #...
.#########. ##.##. #....
#####


You could see an ogre and Ijyb.

Vanquished Creatures
  2 adders
  A worm (D:2)
  3 dart slugs
  2 leopard geckos (D:1)
  5 giant cockroaches
  5 hobgoblins
  2 jackals (D:1)
  A quokka (D:3)
  A ball python (D:1)
  7 bats
  14 frilled lizards
  10 goblins
  4 kobolds
  6 rats
63 creatures vanquished.

Notes
Turn   | Place    | Note
-------+----------+-------------------------------------------
     0 | D:1      | Errno the Minotaur Hunter began the quest for the Orb.
     0 | D:1      | Reached XP level 1. HP: 18/18 MP: 0/0
   106 | D:1      | Reached XP level 2. HP: 25/25 MP: 1/1
   602 | D:1      | Reached skill level 5 in Bows
   799 | D:1      | Reached XP level 3. HP: 30/31 MP: 2/2
  1174 | D:2      | Reached skill level 1 in Armour
  1175 | D:2      | Reached skill level 1 in Axes
  1356 | D:2      | Upgraded the game from 0.25.1-1-g288607f5aa to
                  | 0.25.1-2-g60ff931df9
  1941 | D:3      | Reached XP level 4. HP: 34/38 MP: 3/3
  2250 | D:3      | Noticed Ijyb
  2250 | D:3      | Noticed an ogre
  2262 | D:3      | Demolished by an ogre

Illustrated notes

Levels and vault maps discovered:
D:1:      minmay_arrival_checkered_box, layout_basic, serial_rivers,
          chequers_serial_rivers_small_a, chequers_serial_rivers_room_b,
          chequers_serial_rivers_marsh, chequers_serial_rivers_large_a,
          minmay_lizard_pond
D:2:      layout_rooms
D:3:      layout_basic, uniq_ijyb

Skill      XL: |  1  2  3 |
---------------+----------+-----
Bows           | 5 |  5.2
Fighting       | 3 |  3.7
Armour         | 1 |  1.7
Axes           | 1 |  1.4
Dodging        | |  2.1
Stealth        | |  0.7

Action                   |  1- 3 |  4- 6 || total
-------------------------+-------+-------++-------
Melee: Short sword       |    20 |       ||    20
       Headbutt          |    13 |     4 ||    17
       Hand axe          |    81 |       ||    81
       War axe           |     2 |    23 ||    25
 Fire: Shortbow          |     7 |       ||     7
  Use: Scroll            |     5 |     1 ||     6
  Eat: Chunk             |     3 |     1 ||     4
Armor: Leather armour    |    33 |     1 ||    34
Dodge: Dodged            |    84 |    16 ||   100
